[Event "SixDays Budapest March IM A 2025"]
[Site "Budapest"]
[Date "2025.03.26"]
[Round "5.1"]
[White "Li, Yilin"]
[Black "Ilincic, Zlatko"]
[Result "0-1"]
[Annotator "TA"]
[ECO "B54"]
[WhiteElo "1904"]
[BlackElo "2251"]
[PlyCount "103"]
[EventDate "2025.03.23"]
[EventType "tourn"]
[EventCountry "HUN"]
[SourceTitle "playchess.com"]
[Source "ChessBase"]
[SourceQuality "1"]
[TimeControl "5400+30"]

1. e4 c5 2. Nf3 d6 3. d4 cxd4 4. Nxd4 a6 5. c4 b6 6. Nc3 {[%emt 0:01:11] B54: Sicilian: 2...d6 3 d4 cxd4 4 Nxd4, Unusual Lines .} Bb7 7. Be3 Nd7 8. Be2 {[%emt 0:01:50] White is slightly better.} e6 9. f4 Ngf6 10. Qc2 Rc8 (10... e5 $11 {keeps the balance.}) 11. Qb1 $146 ({White should try} 11. O-O $16) (11. b3 Qc7 12. Rc1 Qb8 13. O-O Be7 14. Bf3 O-O 15. g4 h6 16. h4 g6 17. g5 hxg5 18. hxg5 {1-0 Taylor,R (2027)-Thieme,H (2128) EU-chT Seniors 12th 2010 (8)}) 11... Rc7 12. O-O Qa8 13. Bd3 Nc5 (13... Ng4 {keeps more tension.} 14. Qe1 Nc5 15. Bc2 Nxe4 16. Nxe4 Bxe4 17. Ba4+ Kd8) 14. Re1 (14. Nf3 $11) 14... Nfxe4 $15 (14... Bxe4 15. Nxe4 Ncxe4 16. b4 $11) (14... Ncxe4 15. Na4 $11) 15. Nxe4 Bxe4 16. Bxe4 Qxe4 (16... Nxe4 $5 17. Qd3 Qb7 $17) 17. Qxe4 Nxe4 18. Nf3 Nc5 19. Rad1 Be7 20. b3 O-O 21. Rd2 Rb8 22. g4 h6 23. f5 Ne4 ({Black should try} 23... e5 $17 24. Bf2 g5) 24. Rg2 Nf6 25. fxe6 fxe6 26. g5 Nh5 27. gxh6 e5 28. hxg7 (28. Ng5 $16) 28... b5 $1 $11 29. Nd2 (29. c5 {simplifies} dxc5 30. Nxe5 Nxg7 31. Rg6) 29... Kh7 30. Rf1 {[%emt 0:02:16] [#]} Rg8 $1 31. Rf5 Nxg7 32. Rf7 {[%emt 0:01:09] and Bb6 should not be overlooked} Bd8 33. Rxc7 Bxc7 34. Ne4 Rf8 {[%emt 0:00:49] Prevents Nf6+} 35. cxb5 axb5 36. Nc3 Rb8 (36... Nf5 $11 37. Bf2 Rc8) 37. Nd5 Bd8 38. Kf1 Ra8 39. Ke1 Nf5 40. Bg1 Nh4 41. Rf2 Kg6 42. Kf1 (42. Kd1 $11) 42... Bg5 43. Rc2 Kf5 44. Bb6 Ke4 45. Nc7 (45. Nb4 $142) 45... Rb8 $17 ({Not} 45... Rf8+ 46. Ke2 $16) 46. Ba5 (46. Re2+ $17 Kd3 47. Nd5) 46... Be3 $19 {[%emt 0:00:47] [#] Threatens to win with ...Rg8.} 47. Ne6 $2 (47. Be1 Nf3 48. Re2 Nxe1 49. Kxe1) 47... Re8 48. Be1 Nf3 49. Nc7 Rf8 50. Bf2 Nd2+ ({Don't take} 50... Nxh2+ 51. Kg2 Ng4 52. Bg1 $19) 51. Ke1 (51. Rxd2 $142 Bxd2 52. Ke2) 51... Nf3+ $2 (51... Bxf2+ $2 52. Kxd2 Be3+ 53. Kc3 $19) (51... Rxf2 $19 52. Rc3 Nf3+ (52... Rxh2 $2 53. Nxb5 Kf3 54. Kd1 $19) 53. Kd1 b4 (53... Rxa2 $2 54. Nxb5 Rd2+ 55. Kc1 $19) 54. Rxe3+ Kxe3) 52. Kd1 $2 {[%emt 0:00:00][%mdl 8192] Weighted Error Value: White=0.38/Black=0.21 (precise)   Loses game:     	White=2     	---        Missed win:     	---       	Black=1      Mistake:       	White=7     	Black=3      Inaccurate:     	White=8     	Black=4      OK:         	White=13    	Black=20     Best:        	White=3     	Black=1      Strong:       	---       	Black=2} (52. Kf1 $1 $11) 0-1

[Event "SixDays Budapest March IM A 2025"]
[Site "Budapest"]
[Date "2025.03.26"]
[Round "5.2"]
[White "Singh, Siddharth"]
[Black "Heimisson, Hilmir Freyr"]
[Result "1/2-1/2"]
[Annotator "TA"]
[ECO "C54"]
[WhiteElo "2239"]
[BlackElo "2388"]
[PlyCount "70"]
[EventDate "2025.03.23"]
[EventType "tourn"]
[EventCountry "HUN"]
[SourceTitle "playchess.com"]
[Source "ChessBase"]
[SourceQuality "1"]
[TimeControl "5400+30"]

1. e4 e5 2. Nf3 Nc6 3. Bc4 Bc5 4. c3 Nf6 5. d3 d6 6. O-O a6 7. Re1 $1 {[%emt 0:00:36][%mdl 4] 7.Re1 is the recent fashion. C54: Giuoco Piano: 4 c3 Nf6, main lines with 5 d4 and 5 d3.} Ba7 8. h3 h6 9. d4 g5 (9... O-O $11) 10. dxe5 (10. Bd5 {simplifies} g4 11. hxg4 Nxg4 12. Na3) 10... g4 (10... Nxe5 $11 11. Nxe5 dxe5) 11. exf6 $16 gxf3 (11... Qxf6 $16 12. hxg4 Ne5) 12. e5 $1 $18 (12. Qxf3 Ne5 13. Qg3 Qxf6 $14 (13... Nxc4 $2 14. Qg7 $18)) 12... Nxe5 13. Qxf3 Be6 {[%emt 0:03:35] [#]} 14. Rxe5 dxe5 15. Bxe6 fxe6 16. Nd2 $146 (16. Qxb7 Qd1+ 17. Kh2 Bxf2 18. Qc6+ Kd8 (18... Kf7 $2 19. Qd7+ Qxd7 20. Nd2 $19) 19. Qxa8+ Kd7 20. h4 h5 (20... Rxa8 $2 21. Bg5 $19) (20... Qg1+ $2 21. Kh3 $19)) (16. Qh5+ Kd7 17. Qxe5 Rf8 18. Bf4 Qxf6 19. Qxc7+ Ke8 20. g3 Rf7 21. Qc4 e5 22. Qe4 {0-1 De Silva,L (2085)-Shevchenko,K (2605) Titled Tuesday intern op 13th July blitz 2021 (3)}) 16... Qd7 17. Qxb7 O-O {[%emt 0:02:04] A sharp opening} (17... Qd5 18. Qxc7 (18. Qxa6 $2 Bxf2+ 19. Kxf2 Rxa6 $19) 18... Qc5 19. Qxc5 Bxc5) 18. Qe4 (18. Qxa6 $2 Bxf2+ (18... Rxf6 19. Kh2 $17) 19. Kxf2 Rxf6+ (19... Rxa6 $2 20. Ne4 $19) 20. Kg3 Rxa6 $19) 18... Rad8 19. Qg6+ (19. Qxe5 Qd5 20. Qg3+ (20. Qxc7 Rf7 $16) 20... Qg5 21. Qxc7 Bb8 $16) 19... Kh8 20. Ne4 (20. Qxh6+ Qh7 21. Qxh7+ Kxh7 $14) 20... Qh7 21. Qxh7+ (21. Qxh6 Rd1+ 22. Kh2 Rg8 $11) (21. Qg4 $1 $18 {is more deadly.}) 21... Kxh7 $16 22. Kf1 Rd1+ 23. Ke2 Rfd8 24. b3 (24. f7 $14 Rg1 25. Bg5 Rxa1 26. Bxd8) 24... a5 (24... Rg1 $1 $11 {remains equal.} 25. g3 Rdd1) 25. Bb2 {[%emt 0:01:19] Chess con chili.} Rxa1 26. Bxa1 {[%emt 0:00:02][%mdl 4096] Endgame KRB-KBN} a4 {[%emt 0:00:10] [#]} 27. Bb2 $1 (27. bxa4 Rb8 28. c4 Bd4 29. Bxd4 exd4 $14) 27... axb3 28. axb3 Rb8 (28... Kg6 $16 {keeps fighting.}) 29. b4 $18 ({Don't do} 29. c4 $6 Bd4 30. Ba3 (30. Bxd4 exd4 31. Kd3 e5 $14) 30... Kg6 $14) 29... Kg6 30. Bc1 Ra8 31. Be3 (31. Bd2 $16) 31... Bxe3 $11 32. Kxe3 {[%emt 0:00:22] aiming for Kd3.} Ra1 {[%emt 0:00:06] [#]} (32... h5 $1 $11) 33. f3 ({White should play} 33. Kd3 $1 $16 ) 33... Ra2 {[%emt 0:00:31] The position is equal.} 34. g3 Rh2 35. h4 Rh1 $1 {[%emt 0:00:15] Weighted Error Value: White=0.35/Black=0.33  Mistake:       	White=4     	Black=7      Inaccurate:     	White=2     	Black=1      OK:         	White=8     	Black=8      Best:        	White=2     	Black=4      Strong:       	White=3     	Black=1      Brilliant:      	White=1     	---} 1/2-1/2

[Event "SixDays Budapest March IM A 2025"]
[Site "Budapest"]
[Date "2025.03.26"]
[Round "5.3"]
[White "Md Imran"]
[Black "Karacsonyi, Bank"]
[Result "1-0"]
[Annotator "TA"]
[ECO "D03"]
[WhiteElo "2421"]
[BlackElo "2162"]
[PlyCount "113"]
[EventDate "2025.03.23"]
[EventType "tourn"]
[EventCountry "HUN"]
[SourceTitle "playchess.com"]
[Source "ChessBase"]
[SourceQuality "1"]
[TimeControl "5400+30"]

1. d4 Nf6 2. Bg5 d5 3. Nf3 Nbd7 4. e3 h6 5. Bh4 c5 6. Nbd2 {[%emt 0:02:03] D03: 1 d4 d5 2 Nf3 Nf6 3 Bg5, including Torre Attack with early ...d5.} Qb6 (6... g5 $5 7. Bg3 $8 g4 $11) 7. Rb1 g5 8. Bg3 {[%emt 0:00:34] The position is equal.} Bg7 9. c3 O-O $146 (9... Nh5 10. Bd3 Nxg3 11. hxg3 a6 12. Qc2 Qc7 13. O-O b6 14. Rfe1 Bb7 15. Nh2 Rb8 {0-1 Lungu,T-Kabanova,I (1650) Centrocoop June op-B 1998}) 10. Bd3 c4 11. Bc2 Qe6 12. b3 cxb3 13. axb3 Ne4 14. Nxe4 dxe4 15. Nd2 f5 16. O-O b6 {[%emt 0:03:24] White leaves nothing to chance now.} (16... Qc6 $14) 17. f3 $16 Bb7 18. fxe4 fxe4 19. Qe2 Rxf1+ 20. Rxf1 {[%emt 0:00:02][%csl Oe4] White attacks a weakness} ({But not} 20. Qxf1 Rc8 $16) 20... Nf6 21. c4 {[%emt 0:01:22] White is more active.} Qg4 22. Qe1 Rc8 23. Be5 Nd7 (23... Rf8 {was necessary.} 24. d5 b5) 24. Bxg7 $18 Kxg7 25. Qa1 {[%emt 0:00:42] [#]} Qe2 $2 (25... Nf6 26. d5 (26. Qxa7 Rc7 $18) 26... Bxd5) 26. Rf2 (26. Bxe4 Qxe3+ (26... Bxe4 27. d5+ Nf6 28. Nxe4 $14) 27. Kh1 Bxe4 $17) 26... Qg4 27. Qxa7 Bc6 28. Qa1 {[%emt 0:01:07] Hoping for d5+.} Nf6 29. d5 Bxd5 30. Bd1 Qd7 31. cxd5 Qxd5 32. Nc4 Qc5 33. Qd4 Qxd4 34. exd4 b5 35. Ne3 Rc3 36. Nf5+ Kf8 37. Nxh6 Rd3 38. Bc2 Rxd4 39. Nf5 {[%emt 0:00:13] White is clearly winning.} Rd7 40. Ng3 e3 41. Re2 Nd5 42. Be4 Nf4 {[%emt 0:00:55] [#] ( -> ...Rd1+)} 43. Rxe3 Rd2 44. Kf1 Rb2 45. Bf3 e6 46. Nh5 Kf7 47. Nxf4 gxf4 {[%emt 0:00:03][%mdl 4096] Endgame KRB-KR} 48. Re4 Rxb3 49. Rxf4+ Kg7 50. Re4 Kf6 51. h4 b4 52. Kf2 Rb1 53. Re1 Rb2+ 54. Kg3 b3 55. Re3 Rb1 56. Be4 Rb2 57. Rf3+ {[%emt 0:00:07] Weighted Error Value: White=0.16 (very precise) /Black=0.41  Mistake:       	---       	Black=3      Inaccurate:     	White=1     	Black=3      OK:         	White=24    	Black=11     Best:        	White=2     	Black=1} 1-0

[Event "SixDays Budapest March IM A 2025"]
[Site "Budapest"]
[Date "2025.03.26"]
[Round "5.4"]
[White "Nakahara, Kan"]
[Black "Mrithyunjay Mahadevan"]
[Result "1-0"]
[Annotator "TA"]
[ECO "C67"]
[WhiteElo "2113"]
[BlackElo "2295"]
[PlyCount "107"]
[EventDate "2025.03.23"]
[EventType "tourn"]
[EventCountry "HUN"]
[SourceTitle "playchess.com"]
[Source "ChessBase"]
[SourceQuality "1"]
[TimeControl "5400+30"]

1. e4 e5 2. Nf3 Nc6 3. Bb5 Nf6 4. O-O Nxe4 5. Re1 Nd6 6. Nxe5 Nxe5 7. Rxe5+ Be7 8. Bf1 O-O 9. d4 Bf6 10. Re1 b6 {[%emt 0:02:52] C67: Ruy Lopez: Berlin Defence: 4 0-0 Nxe4.} 11. c3 Bb7 12. Bf4 Nf5 {[%emt 0:02:41][%cal Bd6f5,Bf5g7,Bg7e6][%mdl 32] White has an edge.} 13. Qg4 $146 ({Predecessor:} 13. Nd2 Bg5 14. Qg4 Bxf4 15. Qxf4 Nh4 16. g3 Ng6 17. Qf5 d6 18. Bg2 Bxg2 19. Kxg2 {1-0 Mollo Figueroa,N (1782)-Vizcarra Quispe,R (1776) South America-ch (Women) 2nd 2024 (4)}) 13... g6 14. Nd2 h5 15. Qh3 d6 16. Bd3 Ng7 17. Ne4 Be7 18. Qe3 Re8 19. Qd2 Ne6 20. Bh6 $1 Qd7 21. Re2 c5 22. dxc5 bxc5 23. Rae1 Qc6 $1 24. f4 $1 d5 {[%emt 0:10:27] [#]} ({Black should try} 24... c4 $14 25. Bb1 Qb5) 25. f5 $1 c4 $1 (25... dxe4 26. Bxe4 Qa6 27. fxe6 $18) 26. fxe6 cxd3 {[%emt 0:00:51] [#]} 27. Qf4 $1 {[%emt 0:04:05] Really sharp!} Kh7 $1 (27... dxe2 28. Qxf7+ Kh8 29. Qg7#) (27... fxe6 $2 28. Nf6+ Bxf6 29. Qxf6 $18) 28. Ng5+ Bxg5 (28... Kxh6 29. Nxf7+ Kg7 30. Qh6+ Kg8 31. Qh8#) 29. Bxg5 f5 {[%emt 0:00:11] Black is weak on the dark squares} (29... f6 $2 30. Qxf6 Qc5+ 31. Rf2 $18) 30. Rf2 {aiming for Qe5.} Rac8 31. Qe3 (31. Qe5 $16) 31... Qb6 32. Qxd3 (32. Qe5 {keeps more tension.} a5 33. Qf6 Rc7 34. Re5) 32... Rxe6 33. Rxe6 Qxe6 34. Re2 Qb6+ 35. Kh1 Rc4 (35... Rc7 $16) 36. Re7+ $18 {[%emt 0:01:03] White attacks} Kg8 37. Qg3 $40 {[%emt 0:01:29][%mdl 128] White is out for blood. White has more active pieces.} Qxb2 $2 {[%emt 0:02:21][%mdl 8192] Loses the game.} (37... f4 $16 38. Qd3 (38. Bxf4 Qf6 $11) 38... a6 (38... Re4 39. Rxe4 dxe4 40. Qc4+ Kg7 41. Bxf4 $16)) 38. h3 {[%emt 0:00:47] White wants to mate with Qd6.} (38. Qb8+ Rc8 39. Re8+ (39. Qxb7 {gets mated.} Qa1+) (39. Qxa7 $2 d4 $19) 39... Kf7 40. Re7+ (40. Rxc8 $2 Qb1+) 40... Kg8 41. Re8+ Kf7 42. Re7+ Kg8 $14) 38... d4 {[%emt 0:02:18][%cal Ob2g2] [#]} 39. Bd2 $1 Qb1+ 40. Kh2 f4 41. Qxf4 Qf5 42. Qxf5 $2 ({Not} 42. cxd4 Qxf4+ 43. Bxf4 Rxd4 $14) (42. Qh6 Qf7 43. Rxf7 Kxf7 44. Qh7+ Kf6 45. Qxb7 dxc3 46. Be3) 42... gxf5 43. Rxb7 dxc3 {[%emt 0:00:05][%mdl 4096] Endgame KRB-KR} 44. Bc1 a5 45. Rb5 a4 46. Rxf5 {[%emt 0:00:11] White is clearly winning.} h4 47. Rf4 Rxf4 (47... Rc5 $142 48. Rxa4 (48. Rxh4 a3 $18) 48... Kf7 49. Rxh4 Ke6) 48. Bxf4 {[%emt 0:00:02] KB-K3P} Kf7 49. Bc1 Kg6 50. g4 hxg3+ 51. Kxg3 Kf5 52. Kf3 Ke5 53. h4 Kd4 54. Ke2 {[%emt 0:00:03] Weighted Error Value: White=0.50/Black=0.81  Loses game:     	---       	Black=1      Mistake:       	White=1     	Black=3      Inaccurate:     	White=4     	Black=5      OK:         	White=16    	Black=11     Best:        	---       	Black=3      Strong:       	White=2     	Black=3} 1-0

[Event "SixDays Budapest March IM A 2025"]
[Site "Budapest"]
[Date "2025.03.26"]
[Round "5.5"]
[White "Cu, Ivan Travis"]
[Black "Kustar, Sandor"]
[Result "0-1"]
[Annotator "TA"]
[ECO "D76"]
[WhiteElo "2286"]
[BlackElo "2231"]
[PlyCount "109"]
[EventDate "2025.03.23"]
[EventType "tourn"]
[EventCountry "HUN"]
[SourceTitle "playchess.com"]
[Source "ChessBase"]
[SourceQuality "1"]
[TimeControl "5400+30"]

1. Nf3 Nf6 2. c4 g6 3. g3 Bg7 4. Bg2 d5 5. O-O O-O 6. cxd5 Nxd5 7. d4 Nb6 8. Nc3 Nc6 9. d5 Na5 10. e4 c6 11. Bf4 cxd5 {[%emt 0:03:04] D76: Fianchetto Grünfeld: Main Line with 7...Nb6.} 12. Nxd5 Nxd5 13. exd5 Bxb2 {[%emt 0:14:29] White has an edge.} 14. Rb1 {[%emt 0:00:25] White sacrificed a pawn} Bf6 15. Rc1 $1 {[%emt 0:07:19][%mdl 1024] White has strong compensation.} Qb6 (15... b6 $16) 16. Bc7 $146 (16. Qa4 $1 $18) (16. Qa4 Qa6 17. Nd4 b5 18. Nxb5 Bd7 19. Rc6 Bxc6 20. dxc6 Rab8 21. Nc7 Qb6 22. Nd5 Qb5 23. Qe4 {1-0 Greenfeld,A (2545)-Karthikeyan,P (2368) Hyderabad op 2nd 2013 (8)}) 16... Qa6 (16... Qb4 $16) 17. Re1 (17. Qa4 $18) 17... Nc4 $11 18. Bf1 b5 {[%emt 0:01:26] [#]} 19. a4 $1 Qb7 20. axb5 Qxc7 21. Rxc4 Qb7 22. Ne5 a6 $1 23. d6 {[%emt 0:18:14] Black must now prevent Bg2.} axb5 (23... Bxe5 $11 24. Bg2 Qxb5 25. dxe7 (25. Bxa8 Bxd6 26. Bd5 a5 $15) 25... Re8) 24. Rc7 (24. Bg2 $1 $16 Qxg2+ 25. Kxg2 bxc4 26. dxe7 (26. Nxc4 Bb7+ 27. Kg1 exd6 $14) 26... Bxe7 27. h4 (27. Nxc4 Bb4 $18)) 24... Qb6 25. Nc6 $2 (25. dxe7 $11 Qxc7 26. exf8=B Kxf8 27. Qd5) 25... Ra2 26. Re3 {[%emt 0:00:09] [#]} Be6 (26... Kg7 $1 $19 {...Ra1 would now be deadly.} 27. Nxe7 Be6) 27. Nxe7+ (27. Qf3 $1 $15) 27... Kg7 $19 28. Rc6 Qd4 29. Qxd4 Bxd4 30. Rf3 b4 31. Bc4 {[%emt 0:00:32] Prevents b3.} Rd2 (31... Ra3 $19 32. Kg2 Rxf3 (32... Bh3+ $2 33. Kxh3 Rxf3 34. d7 $19) 33. Kxf3 b3) 32. Nd5 $2 (32. Bxe6 $17 {is a better chance.} fxe6 33. Rxf8 Kxf8 34. Rc8+ Kg7 35. Nc6) 32... Bh3 {[%emt 0:01:05] This pair of bishops is nice.} 33. Bb3 {[%emt 0:00:18] Against Rd1+} Ra8 {[%emt 0:01:22] ( -> ...Ra1+)} 34. Rc1 Rd8 $2 (34... Ra3 $19 {is more deadly.} 35. g4 Bxg4) 35. Nxb4 Rxd6 $40 {[%emt 0:00:03][%mdl 128] Black goes for the king.} 36. Rxf7+ Kh6 {[%emt 0:00:36] Black is more active.} 37. Nc2 $2 {[%emt 0:01:23] [#]} (37. Rf3 $17 {was necessary.}) 37... Bxf2+ $1 38. Rxf2 Rd1+ 39. Rf1 Bxf1 40. Rxd1 Rxd1 {[%emt 0:00:08][%mdl 4096] Endgame KRB-KBN} 41. Ne3 Rb1 42. Nxf1 Rxb3 {[%emt 0:00:02] KR-KN} 43. Kf2 $2 (43. Nd2 Ra3 44. Ne4) 43... Kg5 {[%emt 0:00:07] ( -> ...Kg4)} 44. Kg2 Kg4 45. h4 Kf5 46. Kh3 h5 47. Kg2 Rd3 48. Nh2 Ra3 (48... Rd2+ $142 49. Kg1 Ke4 50. Kh1 Rc2 51. Kg1 Ke3 52. g4 hxg4 53. Nxg4+ Kf4 54. Nh2 Kg3 55. Nf1+ Kxh4 56. Ne3 Re2 57. Nd5 Kg3 58. Kf1 Kf3 59. Nc3 Rc2 60. Nd1 g5 (60... Rc1 $2 61. Ke1 $19) 61. Ke1 g4 (61... Rc1 $2 62. Kd2 $19) 62. Nc3 Rxc3 63. Kd2 Re3 64. Kc2 g3 65. Kd2 g2 66. Kc2 g1=Q (66... g1=R 67. Kd2 Rg2+ 68. Kd1 Rh2 69. Kc1 Re1#) 67. Kd2 Qf2+ 68. Kd1 Re1#) 49. Nf3 Kg4 $2 ({Black should try} 49... Re3 $19 50. Kf2 Re8) 50. Ng5 $2 (50. Nh2+ $11 Kf5 51. Nf3) 50... Kf5 $2 (50... Ra2+ {mates} 51. Kf1 Kxg3 52. Ne4+ Kxh4 53. Nf6 Kg3 54. Ne4+ Kf4 55. Nf6 Kf3 56. Ke1 h4 57. Nd5 h3 58. Nc3 Rc2 59. Kd1 Rg2 (59... Rxc3 60. Kd2 Rc6 61. Kd3 h2 62. Kd4 h1=Q 63. Kd5 Kf4+ 64. Kd4 Qe4#) 60. Nb1 Ke3 (60... h2 61. Nd2+ Ke3 62. Kc2 Rxd2+ 63. Kc3 h1=Q 64. Kb3 Qd5+ 65. Kb4 Rb2+ 66. Kc3 Qd4#) 61. Na3 Kd3 62. Nc2 Rxc2 63. Ke1 h2 64. Kf1 h1=Q#) 51. Ne4 $2 Ke5 (51... Kxe4 $142 52. Kf2 Ra2+ 53. Ke1 Kd3 (53... Kf3 54. Kd1 Kxg3 55. Kc1 Kxh4 56. Kd1 Kg3 57. Kc1 Rg2 58. Kb1 h4 59. Ka1 h3 60. Kb1 h2 61. Kc1 h1=Q#) 54. Kf1 Ke3 55. g4 hxg4 56. h5 Kf3 (56... gxh5 57. Kg1 Kf3 58. Kh1 g3 59. Kg1 Ra1#) 57. Ke1 g3 (57... gxh5 58. Kd1 g3 59. Kc1 g2 60. Kb1 Re2 61. Kc1 g1=Q#) 58. Kd1 g2 59. hxg6 g1=Q#) 52. Nf2 Ra2 (52... Kd5 $142 53. Nh3 Ke4 54. Ng5+ Ke3) 53. Kh2 Rd2 (53... Rxf2+ $142 54. Kg1 Rd2 55. Kf1 Ke4 (55... Rd1+ $2 56. Ke2 $19) 56. Ke1 Ke3 57. Kf1 Kf3 58. Ke1 Rd6 59. g4 hxg4 (59... Kxg4 60. Ke2 Kf4 61. Kf2 Rd2+ 62. Ke1 Ke3 63. Kf1 Ra2 64. Kg1 Kf3 65. Kh1 Kg3 66. Kg1 Ra1#) 60. h5 gxh5 61. Kf1 Rd1#) 54. Kh3 {[%emt 0:00:06] [#]} Rd1 $4 55. Kh2 $4 {[%emt 0:00:00][%mdl 8192] Never resign too early!   Weighted Error Value: White=1.15/Black=1.08  Loses game:     	White=3     	---        Missed win:     	---       	Black=2      Mistake:       	White=6     	Black=4      Inaccurate:     	White=4     	Black=1      OK:         	White=9     	Black=13     Best:        	White=1     	Black=4      Strong:       	White=1     	Black=1      Brilliant:      	---       	Black=1} (55. Nxd1 {is the narrow road to win.} Kf5 56. Nb2 Ke4 57. Kg2 Kf5 58. Nc4 g5 59. Kf3 Kg6 60. Ne3) 0-1